 Dungeon Crawl Stone Soup version 0.32-a0-876-gcfddb08e57 (webtiles) character file.

Game seed: 12259646224548229762

1348 spaghetti the Fighter (level 8, -3/88 HPs)
             Began as a Naga Chaos Knight on Apr 2, 2024.
             Was a Plaything of Xom.
             Slain by a shadow (10 damage)
             ... on level 5 of the Dungeon.
             The game lasted 00:06:52 (4128 turns).

spaghetti the Fighter (Naga Chaos Knight)           Turns: 4128, Time: 00:06:53

Health: -3/88      AC:  9    Str: 14      XL:     8   Next: 63%
Magic:  8/8        EV:  8    Int: 13      God:    Xom [*.....]
Gold:   1466       SH:  0    Dex: 12 (13) Spells: 7/7 levels left

rFire   . . .        j - +0 spear (venom)
rCold   . . .        (no shield)
rNeg    . . .        a - +2 leather armour
rPois   +            e - +2 helmet
rElec   .            (no cloak)
rCorr   .            (no gloves)
SInv    +            (no barding)
Will    ++...        (no amulet)
Stlth   +            (no ring)
HPRegen 0.34/turn    (no ring)
MPRegen 0.11/turn

%: no passive effects
@: enlightened, flying, very slow
A: AC +2, large, see invisible, deformed body, poison resistance, slowness 2,
spit poison 1, naga tail 1, deterioration 1
a: Spit Poison, Renounce Religion


You were on level 5 of the Dungeon.
You worshipped Xom.
You were a special plaything of Xom.
You visited 1 branch of the dungeon, and saw 5 of its levels.

You collected 1466 gold pieces.

Inventory:

Hand Weapons
 c - a +1 long sword of protection
 d - a +0 scythe of pain
 j - a +0 spear of venom (weapon)
Armour
 a - a +2 leather armour (worn)
 e - a +2 helmet (worn)
Jewellery
 l - an amulet of guardian spirit
Potions
 f - a potion of brilliance


   Skills:
 + Level 10.7 Fighting
 - Level 1.5 Armour
 - Level 0.7 Dodging
 - Level 3.0 Unarmed Combat


You had 7 spell levels left.
You didn't know any spells.
Your spell library contained the following spells:

 Spells                   Type           Power      Damage    Failure   Level
 Freeze                   Ice            0%         1d3       36%         1
 Dazzling Flash           Conj/Hex       0%         N/A       75%         3
 Frozen Ramparts          Ice            0%         1d1       75%         3
 Hailstorm                Conj/Ice       0%         3d5       75%         3
 Mephitic Cloud           Conj/Alch/Air  0%         N/A       75%         3
 Passage of Golubria      Tloc           0%         N/A       98%         4
 Curse of Agony           Necr           0%         N/A       100%        5
 Silence                  Hex/Air        0%         N/A       100%        5
 Lehudib's Crystal Spear  Conj/Erth      0%         10d2      100%        8


Dungeon Overview and Level Annotations

Branches:
Dungeon (5/15)
 Temple: D:4-7

Altars:
Okawaru
Xom
The Shining One


Innate Abilities, Weirdness & Mutations

Your serpentine skin is tough. (AC +2)
You have supernaturally acute eyesight. (SInv)
Armour fits poorly on your strangely shaped body.
Your system is resistant to poisons. (rPois)
You cover ground very slowly.
You can spit poison.
You have a snake-like lower body.
Your body sometimes deteriorates upon taking damage.


Message History

You feel less confused. The shadow hits you!
You feel less attractive to monsters.
You hit the shadow.
The shadow is severely damaged.
The shadow hits you.
You hit the shadow but do no damage.
The shadow is severely damaged.
The shadow closely misses you.
You barely miss the shadow.
The shadow is severely damaged.
The shadow hits you.
You hit the shadow but do no damage.
The shadow is severely damaged.
The shadow hits you!
* * * LOW HITPOINT WARNING * * *
You aren't carrying any items that you can evoke.
You hit the shadow.
The shadow is severely damaged.
The shadow hits you!
* * * LOW HITPOINT WARNING * * *
Your body deteriorates!
You feel clumsy.
Aiming: Spit Poison (1% risk of failure)
Press: ? - help, Shift-Dir - straight line, f - you
Okay, then.
Okay, then.
You aren't carrying any scrolls.
Unknown command.
You closely miss the shadow.
The shadow is severely damaged.
The shadow hits you.
You hit the shadow.
The shadow is severely damaged.
The shadow slips into darkness.
The shadow flickers and vanishes for a moment.
The shadow hits you.
* * * LOW HITPOINT WARNING * * *
You hit the shadow.
The shadow is severely damaged.
The shadow hits you!
You die...

#.#.#..... #
#.#.#.#.#######.##+###
####.#.#.........)....#..
....__..................
._._.#.#...............
^..###.#.....#####...#
...###.#.###..## ...#
)).'_..... #...###...#
)..###.#.# #.#..@W...#
_._# #.#.# #.####....#
#### #.#.# #.# ##...# #.#
...# #.# ..## #.# #.. ..
###


You could see a shadow.

Vanquished Creatures
  Grinder (D:4)
  Sigmund (D:2)
  Eustachio (D:4)
  2 black bears (D:5)
  A scorpion (D:5)
  3 wights (D:5)
  An orc priest (D:5)
  An iguana (D:5)
  Ijyb (D:3)
  8 gnolls
  10 adders
  A white imp (D:5)
  2 ufetubi
  2 dart slugs
  2 ribbon worms
  11 orcs
  2 bats
  4 endoplasms
  4 giant cockroaches
  6 goblins
  5 hobgoblins
  4 jackals (D:2)
  3 quokkas
  6 ball pythons
  A frilled lizard (D:2)
  2 kobolds
  6 rats
91 creatures vanquished.

Vanquished Creatures (collateral kills)
  Blork the orc (D:4)
  An orc priest (D:4)
  2 gnolls (D:4)
  2 orcs (D:4)
6 creatures vanquished.

Grand Total: 97 creatures vanquished

Notes
Turn   | Place    | Note
-------+----------+-------------------------------------------
     0 | D:1      | spaghetti the Naga Chaos Knight began the quest for the
                  | Orb.
     0 | D:1      | Reached XP level 1. HP: 21/21 MP: 1/1
   156 | D:1      | Reached XP level 2. HP: 28/28 MP: 2/2
   538 | D:2      | Noticed Sigmund
   542 | D:2      | Killed Sigmund
   543 | D:2      | Reached skill level 6 in Fighting
   543 | D:2      | Reached XP level 3. HP: 23/40 MP: 3/3
   543 | D:2      | Reached XP level 4. HP: 27/48 MP: 4/4
   543 | D:2      | Reached XP level 5. HP: 31/55 MP: 5/5
   593 | D:2      | XOM: 1-stop teleportation journey
   700 | D:2      | XOM: divination: magic mapping
   835 | D:2      | XOM: silly message
   927 | D:2      | XOM: silly message
  1280 | D:3      | Reached XP level 6. HP: 63/63 MP: 6/6
  1448 | D:3      | Identified a scroll of acquirement
  1449 | D:3      | Acquired 1235 gold pieces
  1512 | D:3      | XOM: silly message
  1650 | D:3      | Found a faded altar of an unknown god.
  1704 | D:3      | Noticed Ijyb
  1710 | D:3      | XOM: silly message
  1715 | D:3      | Killed Ijyb
  1716 | D:3      | Reached skill level 7 in Fighting
  1875 | D:4      | XOM: silly message
  1947 | D:4      | XOM: divination: detect creatures
  2016 | D:4      | Noticed Eustachio
  2026 | D:4      | XOM: divination: magic mapping
  2030 | D:4      | Killed Eustachio
  2031 | D:4      | Reached XP level 7. HP: 70/73 MP: 7/7
  2224 | D:4      | Noticed Grinder
  2224 | D:4      | XOM: cast spell 'Animate Armour'
  2230 | D:4      | Paralysed by Grinder for 4 turns
  2250 | D:4      | XOM: confuse monster(s)
  2262 | D:4      | Killed Grinder
  2263 | D:4      | Reached skill level 8 in Fighting
  2386 | D:4      | Noticed Blork the orc
  2394 | D:4      | XOM: summons friendly quasit
  2403 | D:4      | Killed Blork the orc
  2450 | D:4      | Found an iron altar of Okawaru.
  2480 | D:4      | Reached skill level 9 in Fighting
  2522 | D:4      | Found a glowing golden altar of the Shining One.
  2950 | D:4      | XOM: give mutations
  2950 | D:4      | Gained mutation: Your mind is acute. (Int +4, Str/Dex -1)
                  | [Xom's mischief]
  2950 | D:4      | Lost mutation: Your mind is acute. (Int +4, Str/Dex -1)
                  | [Xom's mischief]
  2950 | D:4      | Gained mutation: Your body sometimes deteriorates upon
                  | taking damage. [Xom's mischief]
  3025 | D:5      | Entered Level 5 of the Dungeon
  3042 | D:5      | XOM: scenery: create altars
  3043 | D:5      | Reached XP level 8. HP: 81/85 MP: 8/8
  3212 | D:4      | Reached skill level 10 in Fighting
  3534 | D:5      | XOM: confuse monster(s)
  3977 | D:5      | XOM: scenery: create altars
  4083 | D:5      | Noticed a shadow
  4114 | D:5      | XOM: confusion
  4128 | D:5      | Slain by a shadow

Illustrated notes

Levels and vault maps discovered:
D:1:      wander_arrival_desolate, layout_rooms
D:2:      layout_basic, item_on_display_a, uniq_sigmund
D:3:      layout_rooms, dreamdust_ecumenical_altar_hidden_monk_grotto, uniq_ijyb
D:4:      layout_basic, mainiacjoe_overflow_large_starburst, uniq_eustachio,
          uniq_blork_the_orc, uniq_grinder
D:5:      layout_basic, mainiacjoe_overflow_six_doors_small, uniq_duvessa

Skill      XL: |  1  2  3  4  5  6  7  8 |
---------------+-------------------------+-----
Fighting       | 6 7 9 10 | 10.7
Armour         | |  1.5
Dodging        | |  0.7
Unarmed Combat | |  3.0

Action                     |  1- 3 |  4- 6 |  7- 9 || total
---------------------------+-------+-------+-------++-------
  Melee: Long sword        |    21 |       |       ||    21
         Spear             |       |   114 |   196 ||   310
         Halberd           |       |     4 |       ||     4
Ability: Spit Poison       |    10 |    24 |    15 ||    49
  Evoke: Wand              |       |       |     6 ||     6
    Use: Scroll            |     2 |     6 |     3 ||    11
         Potion            |       |       |    10 ||    10
   Stab: Sleeping          |       |     1 |       ||     1
 Armour: Leather armour    |    19 |   110 |   166 ||   295
  Dodge: Dodged            |     8 |    73 |    75 ||   156

Table legend: (Time is in decaauts)
 A = Elapsed time spent in this place.
 B = Non-inter-level travel time spent in this place.
 C = Inter-level travel time spent in this place.
 D = Time resting spent in this place.
 E = Time spent auto-exploring this place.
 F = Levels seen in this place.
 G = Mean time per level.
                   A        B        C        D        E       F      G
               +--------+--------+--------+--------+--------+-----+--------+
         Total |   5165 |   5051 |    114 |    532 |   3671 |   5 | 1033.0 |
       Dungeon |   5165 |   5051 |    114 |    532 |   3671 |   5 | 1033.0 |
               +--------+--------+--------+--------+--------+-----+--------+

Top non-repeatable levels by time:
     D:4: 1597 daAuts
     D:5: 1161 daAuts
     D:2: 1152 daAuts
     D:1: 675 daAuts
     D:3: 578 daAuts
